 Dungeon Crawl Stone Soup version 0.31-a0-1-g4198be8af4 (webtiles) character file.

Game seed: 17195938002005829492

2958 Pooter the Cleaver (level 9, -3/81 HPs)
             Began as a Minotaur Berserker on May 2, 2023.
             Was a Priest of Trog.
             Slain by a vampire (9 damage)
             ... on level 10 of the Dungeon on May 3, 2023.
             The game lasted 00:30:37 (4834 turns).

Pooter the Cleaver (Minotaur Berserker)             Turns: 4834, Time: 00:30:38

Health: -3/81      AC: 10    Str: 30    XL:     9   Next: 52%
Magic:  8/8        EV: 16    Int:  4    God:    Trog [***...]
Gold:   136        SH:  0    Dex: 12    Spells: 8/8 levels left

rFire   + . .        a - +1 broad axe
rCold   . . .        (no shield)
rNeg    . . .        E - +4 ring mail {rF+}
rPois   .            (helmet restricted)
rElec   .            (no cloak)
rCorr   .            (no gloves)
SInv    .            g - +0 pair of boots
Will    ++...        (no amulet)
Stlth   +            k - +6 ring of strength
HPRegen 1.33/turn    C - +5 ring of evasion
MPRegen 0.11/turn

%: no passive effects
@: strong-willed, on berserk cooldown, regenerating, slowed, very slow
A: horns 2, retaliatory headbutt
a: Renounce Religion, Berserk, Trog's Hand


You were on level 10 of the Dungeon.
You worshipped Trog.
Trog was most pleased with you.
You visited 1 branch of the dungeon, and saw 8 of its levels.

You collected 290 gold pieces.
You spent 154 gold pieces at shops.

Inventory:

Hand Weapons
 a - a +1 broad axe (weapon)
   (You found it on level 6 of the Dungeon)
 b - a +3 longbow of flaming
   (You acquired it on level 10 of the Dungeon)
 q - a +0 sling
   (You took it off a goblin on level 3 of the Dungeon)
 v - a +0 flail
   (You took it off an orc on level 3 of the Dungeon)
 F - a +1 halberd of venom
   (You took it off a gnoll on level 6 of the Dungeon)
Missiles
 y - a curare-tipped dart
 G - 3 poisoned darts
 Q - 51 stones (quivered)
Armour
 g - a +0 pair of boots (worn)
   (You found it on level 1 of the Dungeon)
 m - a +0 chain mail
   (You found it on level 2 of the Dungeon)
 E - a +4 ring mail of fire resistance (worn)
   (You took it off an orc on level 6 of the Dungeon)
Jewellery
 j - a +4 ring of protection
   (You found it on level 2 of the Dungeon)
 k - a +6 ring of strength (left hand)
   (You found it on level 5 of the Dungeon)
 r - a ring of ice
   (You found it on level 3 of the Dungeon)
 C - a +5 ring of evasion (right hand)
   (You found it on level 2 of the Dungeon)
Wands
 u - a wand of paralysis (2)
   (You found it on level 3 of the Dungeon)
Scrolls
 d - 2 scrolls of immolation {!r}
 l - 2 scrolls of fear
 n - a scroll of poison {!r}
 o - a scroll of noise {!r}
 t - 2 scrolls of teleportation {@r4}
Potions
 c - 3 potions of cancellation
 e - a potion of flight
 f - 2 potions of ambrosia {unknown}
 h - 2 potions of curing {@q1}
 i - 3 potions of lignification {unknown}
 p - a potion of degeneration {unknown}
 s - a potion of berserk rage {unknown}
 w - a potion of resistance {unknown}
 A - a potion of heal wounds {unknown}


   Skills:
 + Level 8.0 Fighting
 * Level 10.6 Axes
 * Level 8.5 Ranged Weapons
 - Level 2.4 Armour
 - Level 2.1 Dodging
 - Level 2.4 Stealth


You had 8 spell levels left.
You didn't know any spells.
Your spell library was empty.

Dungeon Overview and Level Annotations

Branches:
Dungeon (7/15)             Temple (0/1) D:5

Altars:
Gozag
Makhleb

Shops:
D:2 :?   D:6 (


Innate Abilities, Weirdness & Mutations

You have a pair of horns on your head.
You reflexively headbutt those who attack you in melee.


Message History

Something bites you.
* * * LOW HITPOINT WARNING * * *
Something draws strength from your injuries!
Something barely misses you. Something closely misses you.
You hit something but do no damage. Something hits you but does no damage.
Something bites you.
* * * LOW HITPOINT WARNING * * *
Something draws strength from your injuries!
Something hits you.
* * * LOW HITPOINT WARNING * * *
Something bites you but does no damage.
You barely miss something. Something hits you!
* * * LOW HITPOINT WARNING * * *
Something bites you but does no damage.
You feel better.
Your skin stops crawling.
You feel less strong-willed. Something hits you.
* * * LOW HITPOINT WARNING * * *
Something barely misses you. Something hits you.
* * * LOW HITPOINT WARNING * * *
Something barely misses you.
You barely miss something. You headbutt something! Something hits you.
* * * LOW HITPOINT WARNING * * *
Something barely misses you.
Your skin crawls.
You feel strong-willed. Something hits you.
* * * LOW HITPOINT WARNING * * *
Something bites you!
* * * LOW HITPOINT WARNING * * *
Something draws strength from your injuries!
Something hits you but does no damage. Something barely misses you.
You hit something but do no damage. Something hits you.
* * * LOW HITPOINT WARNING * * *
Something barely misses you. Something hits you.
* * * LOW HITPOINT WARNING * * *
Something closely misses you.
Unknown command.
Something barely misses you. x2
The bolt of acid hits something!
The acid corrodes something!
The now-empty wand crumbles to dust.
Something hits you!
You die...

########################
...............)@{......
...####..###...###......
...# #..# #...# .....
...# #..# #...# ....
...####........# ...
................ ..
................. .
...#######...##### ...#


There were no monsters in sight!

Vanquished Creatures
  Nergalle (D:10)
  Maggie (D:10)
  Grinder (D:5)
  Prince Ribbit (D:5)
  2 steam dragons
  3 ice beasts (D:6)
  A kobold brigand (D:10)
  2 bullfrogs
  2 scorpions (D:4)
  A howler monkey (D:6)
  3 hounds
  2 orc priests
  A jelly (D:4)
  A gnoll bouda (D:6)
  3 iron imps (D:4)
  Jessica (D:2)
  Ijyb (D:5)
  Natasha (thrice) (D:4)
  3 iguanas
  4 orc wizards
  Robin (D:2)
  6 adders
  9 gnolls
  2 worms (D:4)
  A dart slug (D:2)
  14 orcs
  10 ball pythons
  12 endoplasms
  4 giant cockroaches (D:4)
  18 goblins
  13 hobgoblins
  2 jackals (D:2)
  4 quokkas
  5 bats
  3 frilled lizards (D:2)
  10 kobolds
  4 rats
155 creatures vanquished.

Vanquished Creatures (others)
  2 fungi (D:2)
2 creatures vanquished.

Grand Total: 157 creatures vanquished

Notes
Turn   | Place    | Note
-------+----------+-------------------------------------------
     0 | D:1      | Pooter the Minotaur Berserker began the quest for the Orb.
     0 | D:1      | Reached XP level 1. HP: 19/19 MP: 0/0
   196 | D:1      | Reached XP level 2. HP: 27/27 MP: 1/1
   200 | D:1      | Reached skill level 4 in Axes
   227 | D:1      | Reached skill level 1 in Stealth
   432 | D:1      | Reached ** piety under Trog
   434 | D:1      | Reached XP level 3. HP: 27/33 MP: 2/2
   633 | D:2      | Found Nomodofy's Magic Scroll Emporium.
   636 | D:2      | Found Baiteudgh's Book Shoppe.
   685 | D:2      | Bought a scroll of identify for 22 gold pieces
   713 | D:2      | Noticed Robin
   728 | D:2      | Killed Robin
   731 | D:2      | Reached XP level 4. HP: 40/40 MP: 3/3
   928 | D:2      | Found a faded altar of an unknown god.
  1172 | D:2      | Noticed Jessica
  1174 | D:2      | Killed Jessica
  1238 | D:2      | Reached skill level 5 in Axes
  1401 | D:2      | Bought a scroll of identify for 22 gold pieces
  1401 | D:2      | Bought a scroll of noise for 11 gold pieces
  1401 | D:2      | Bought a scroll of identify for 22 gold pieces
  1993 | D:4      | Reached XP level 5. HP: 46/47 MP: 4/4
  2011 | D:4      | Noticed Natasha
  2019 | D:4      | Killed Natasha
  2020 | D:4      | Reached skill level 1 in Ranged Weapons
  2146 | D:2      | Bought a scroll of poison for 44 gold pieces
  2146 | D:2      | Bought a scroll of teleportation for 33 gold pieces
  2276 | D:4      | Reached XP level 6. HP: 55/55 MP: 5/5
  2329 | D:4      | Found a burning altar of Makhleb.
  2361 | D:4      | Reached skill level 6 in Axes
  2426 | D:4      | Reached *** piety under Trog
  2427 | D:4      | Reached skill level 5 in Fighting
  2501 | D:4      | Reached XP level 7. HP: 56/61 MP: 6/6
  2522 | D:4      | Noticed Natasha
  2610 | D:4      | Killed Natasha
  2611 | D:4      | Reached skill level 7 in Axes
  2760 | D:4      | Noticed Natasha
  2766 | D:4      | Killed Natasha
  2897 | D:5      | Entered Level 5 of the Dungeon
  2897 | D:5      | Noticed Prince Ribbit
  2897 | D:5      | Noticed Grinder
  3137 | D:5      | Killed Prince Ribbit
  3138 | D:5      | Reached skill level 5 in Ranged Weapons
  3258 | D:5      | Found a staircase to the Ecumenical Temple.
  3332 | D:5      | Paralysed by Grinder for 5 turns
  3344 | D:5      | Killed Grinder
  3345 | D:5      | Reached skill level 8 in Axes
  3345 | D:5      | Reached XP level 8. HP: 65/71 MP: 7/7
  3414 | D:5      | Noticed Ijyb
  3427 | D:5      | Killed Ijyb
  3842 | D:6      | Found an opulent altar of Gozag.
  4096 | D:6      | Found Woc Kepp's Antique Weapon Shop.
  4289 | D:6      | Reached skill level 9 in Axes
  4586 | D:7      | You fall into a shaft and drop 3 floors!
  4586 | D:10     | Entered Level 10 of the Dungeon
  4697 | D:10     | Identified a scroll of acquirement
  4697 | D:10     | Acquired a +3 longbow of flaming
  4720 | D:10     | Reached XP level 9. HP: 74/79 MP: 8/8
  4800 | D:10     | Noticed Nergalle
  4802 | D:10     | Noticed a spectral orc warlord
  4808 | D:10     | Killed Nergalle
  4809 | D:10     | Reached skill level 10 in Axes
  4816 | D:10     | Noticed Maggie
  4825 | D:10     | Killed Maggie
  4832 | D:10     | HP: 2/81 [something (5)]
  4834 | D:10     | Slain by a vampire

Illustrated notes

Levels and vault maps discovered:
D:1:      wander_arrival_desolate, layout_rooms
D:2:      layout_loops_ring, serial_shops, shop, shop,
          shapermc_ecumenical_altar_notcrosses, dreamdust_mushroom_princess,
          cheibrodos_gnoll_hut, uniq_robin, uniq_jessica
D:3:      layout_basic
D:4:      layout_rooms, demons_altar, serial_curves, eino_curves_03,
          eino_curves_03, minmay_bent, uniq_natasha
D:5:      layout_cave_pools, minmay_temple_entry_hall, minmay_stone_trees_small,
          uniq_ijyb, uniq_prince_ribbit1, uniq_grinder
D:6:      layout_loops_ring, overflow_temple_1_default, serial_shops,
          nicolae_shop_tiny_statue_garden, minmay_misc_feat_enclosed,
          nicolae_zen_rock_garden, chequers_serial_rivers_micro_c
D:7:      layout_basic, uniq_duvessa, uniq_crazy_yiuf_cottage
D:10:     layout_small_grid, regret_index_temple_of_mockery, serial_shops, shop,
          kennysheep_small_circle, uniq_nergalle, uniq_maggie

Skill      XL: |  1  2  3  4  5  6  7  8  9 |
---------------+----------------------------+-----
Axes           | 4 5 6 8 9 10 | 10.6
Stealth        | 1 2 |  2.4
Fighting       | 4 5 6 7 8 |  8.0
Ranged Weapons | 2 3 5 7 8 |  8.5
Armour         | |  2.4
Dodging        | |  2.1

Action                     |  1- 3 |  4- 6 |  7- 9 || total
---------------------------+-------+-------+-------++-------
  Melee: Hand axe          |    77 |    32 |       ||   109
         Headbutt          |     5 |     9 |    34 ||    48
         War axe           |       |    26 |    79 ||   105
         Flail             |       |     1 |       ||     1
         Broad axe         |       |       |    60 ||    60
   Fire: Sling             |       |   113 |    54 ||   167
         Longbow           |       |       |    25 ||    25
 Invoke: Berserk           |     1 |     3 |     5 ||     9
         Trog's Hand       |     1 |     2 |     9 ||    12
  Evoke: Wand              |       |       |     4 ||     4
    Use: Scroll            |     3 |     5 |     8 ||    16
         Potion            |       |       |     4 ||     4
   Stab: Distracted        |     1 |       |       ||     1
         Sleeping          |     1 |       |       ||     1
 Armour: Animal skin       |    14 |       |       ||    14
         Chain mail        |       |    38 |    45 ||    83
         Ring mail         |       |       |    31 ||    31
  Dodge: Dodged            |    50 |    86 |   105 ||   241

Table legend: (Time is in decaauts)
 A = Elapsed time spent in this place.
 B = Non-inter-level travel time spent in this place.
 C = Inter-level travel time spent in this place.
 D = Time resting spent in this place.
 E = Time spent auto-exploring this place.
 F = Levels seen in this place.
 G = Mean time per level.
                   A        B        C        D        E       F      G
               +--------+--------+--------+--------+--------+-----+--------+
         Total |   5012 |   4689 |    323 |    702 |   2743 |   8 |  626.5 |
       Dungeon |   5012 |   4689 |    323 |    702 |   2743 |   8 |  626.5 |
               +--------+--------+--------+--------+--------+-----+--------+

Top non-repeatable levels by time:
     D:2: 1045 daAuts
     D:4: 1009 daAuts
     D:6: 930 daAuts
     D:5: 773 daAuts
     D:1: 495 daAuts
     D:3: 494 daAuts
    D:10: 263 daAuts
